 Dungeon Crawl Stone Soup version 0.31-a0-1343-gcd514f47d3 (webtiles) character file.

Game seed: 13178952436348595133

244722 James the Imperceptible (level 19, -2/120 HPs)
             Began as a Spriggan Enchanter on Dec 21, 2023.
             Was a Believer of Uskayaw.
             Incinerated by a deep elf pyromancer (11 damage)
             ... with a pyre arrow
             ... on level 2 of the Elven Halls on Dec 22, 2023.
             The game lasted 03:24:05 (47872 turns).

James the Imperceptible (Spriggan Enchanter)       Turns: 47872, Time: 03:24:06

Health: -2/120     AC: 28    Str:  4    XL:     19   Next: 15%
Magic:  21/37      EV: 30    Int: 20    God:    Uskayaw [**....]
Gold:   1498       SH: 13    Dex: 26    Spells: 13/44 levels left

rFire   + . .        b - +9 rapier (flame)
rCold   + + .        e - +0 buckler {rC+}
rNeg    + . .        G - melded +1 steam dragon scales
rPois   ∞            E - +1 hat
rElec   +            A - scarf {rC+ rF+}
rCorr   .            (gloves unavailable)
SInv    +            (boots unavailable)
Will    +++..        d - amulet of reflection
Stlth   ++++         X - +4 ring of slaying
HPRegen 0.40/turn    q - +6 ring of dexterity
MPRegen 0.25/turn

%: reflection
@: on fire, statue-form, glowing, very slow
A: slow and powerful, torment resistance 1, boosted hp, very small, no large
weapons, unfitting armour, see invisible, (speed 3)
}: 1/15 runes: barnacled
a: Begin Untransformation, Renounce Religion, Stomp, Line Pass


You were on level 2 of the Elven Halls.
You worshipped Uskayaw.
Uskayaw was pleased with you.
You were a living statue of rough stone.
You visited 7 branches of the dungeon, and saw 33 of its levels.
You also visited: Gauntlet, Ice Cave and Volcano.

You collected 3795 gold pieces.
You spent 2297 gold pieces at shops.

Inventory:

Hand Weapons
 a - the +8 dagger "Goblinslayer" {vamp, rCorr}
   (You took it off a naga on level 2 of the Snake Pit)

   rCorr:     It protects you from acid and corrosion.
 b - a +9 rapier of flaming (weapon)
   (You took it off a merfolk aquamancer on level 2 of the Shoals)
 s - a +0 vampiric quick blade {!w}
   (You subdued it on level 2 of the Elven Halls)
 P - a +3 sling of flaming
   (You took it off a faun on level 2 of the Shoals)
Missiles
 j - 60 poisoned darts
 l - 52 boomerangs
 t - 4 throwing nets {!f}
 H - 7 curare-tipped darts {!f}
Armour
 e - a +0 buckler of cold resistance (worn)
   (You found it in an ice cave)
 A - a scarf of resistance (worn)
   (You found it on level 4 of the Dungeon)
 E - a +1 hat (worn)
   (You found it in a Gauntlet)
 G - +1 steam dragon scales (melded)
   (You found it on level 6 of the Dungeon)
Jewellery
 d - an amulet of reflection (around neck)
   (You took it off a kobold brigand on level 9 of the Dungeon)
 g - a ring of flight
   (You found it on level 12 of the Dungeon)
 h - the ring of Free Will {rC+ rN+}
   (You found it in an ice cave)

   [ring of protection from cold]

   rC+:       It protects you from cold.
   rN+:       It protects you from negative energy.
 i - a ring of protection from fire
   (You found it on level 2 of the Lair of Beasts)
 q - a +6 ring of dexterity (right fist)
   (You found it on level 11 of the Dungeon)
 x - the ring "Viacoas" {rCorr Dex+4}
   (You found it on level 9 of the Dungeon)

   [ring of resist corrosion]

   Dex+4:     It affects your dexterity (+4).
   rCorr:     It protects you from acid and corrosion.
 I - the ring of Geck {rN+ rCorr}
   (You found it on level 3 of the Shoals)

   [ring of resist corrosion]

   rN+:       It protects you from negative energy.
   rCorr:     It protects you from acid and corrosion.
 J - a ring of willpower
   (You found it on level 5 of the Lair of Beasts)
 Q - the ring of the Queen {rElec rPois rF- rCorr Dex+6}
   (You took it off a merfolk siren on level 4 of the Shoals)

   [ring of dexterity]

   Dex+6:     It affects your dexterity (+6).
   rF-:       It makes you vulnerable to fire.
   rElec:     It insulates you from electricity.
   rPois:     It protects you from poison rCorr: It protects you from acid and
   corrosion.
 X - a +4 ring of slaying (left fist)
   (You found it on level 13 of the Dungeon)
Talismans
 W - a granite talisman (active)
   (You found it on level 9 of the Dungeon)
Wands
 u - a wand of paralysis (28)
   (You found it on level 10 of the Dungeon)
 K - a wand of quicksilver (10)
   (You took it off a kobold brigand on level 9 of the Dungeon)
 N - a wand of polymorph (8)
   (You found it in a Gauntlet)
 R - a wand of roots (14)
   (You found it in a Gauntlet)
Scrolls
 n - a scroll of brand weapon
 v - 5 scrolls of blinking
 y - 3 scrolls of silence
 z - 3 scrolls of enchant armour
 B - a scroll of butterflies
 D - 4 scrolls of revelation
 F - 8 scrolls of fear
 L - 3 scrolls of immolation {!r}
 O - 20 scrolls of teleportation {@r4}
 T - 5 scrolls of vulnerability {!r}
 Z - 4 scrolls of fog
Potions
 c - 3 potions of invisibility
 f - 3 potions of cancellation
 k - 6 potions of haste {@q3}
 m - 8 potions of heal wounds {@q2}
 o - 6 potions of might
 p - 2 potions of resistance
 r - a potion of berserk rage
 w - 6 potions of brilliance
 M - 2 potions of enlightenment
 S - 13 potions of curing {@q1}
 U - 5 potions of ambrosia
Miscellaneous
 C - a phial of floods
   (You found it on level 7 of the Dungeon)
 V - a condenser vane
   (You found it on level 5 of the Lair of Beasts)


   Skills:
 + Level 7.5 Fighting
 - Level 14.0 Short Blades
 - Level 12.0 Dodging
 - Level 21.0 Stealth
 - Level 8.0 Shields
 - Level 13.0 Spellcasting
 - Level 19.0 Hexes
 - Level 8.0 Translocations
 - Level 1.0 Ice Magic
 - Level 15.0 Invocations
 - Level 16.0 Shapeshifting


You had 13 spell levels left.
You knew the following spells:

 Your Spells              Type           Power      Damage    Failure   Level
a - Confusing Touch       Hex            73%        N/A       0%          3
c - Dazzling Flash        Conj/Hex       100%       N/A       1%          3
d - Tukima's Dance        Hex            73%        N/A       0%          3
e - Blink                 Tloc           90%        N/A       1%          2
f - Enfeeble              Hex            36%        N/A       2%          7
q - Passwall              Alch/Erth      10%        N/A       12%         2
v - Passage of Golubria   Tloc           45%        N/A       3%          4
w - Summon Mana Viper     Hex/Summ       50%        N/A       4%          5
x - Ensorcelled Hibernat  Hex/Ice        100%       N/A       1%          2

Your spell library contained the following spells:

 Spells                   Type           Power      Damage    Failure   Level
 Jinxbite                 Hex            100%       N/A       0%          2
 Apportation              Tloc           90%        N/A       1%          1
 Lesser Beckoning         Tloc           90%        N/A       1%          2
 Summon Guardian Golem    Hex/Summ       50%        N/A       1%          3
 Dimensional Bullseye     Hex/Tloc       30%        N/A       1%          4
 Momentum Strike          Conj/Tloc      58%        3d9       2%          2
 Manifold Assault         Tloc           45%        N/A       3%          4
 Metabolic Englaciation   Hex/Ice        26%        N/A       3%          5
 Yara's Violent Unravell  Hex/Alch       25%        3d11      4%          5
 Freeze                   Ice            68%        1d8       5%          1
 Kiss of Death            Conj/Necr      52%        2d9       9%          1
 Magic Dart               Conj           52%        1d5       9%          1
 Sandblast                Erth           26%        2d8       9%          1
 Shock                    Conj/Air       52%        1d6       9%          1
 Cigotuvi's Dreadful Rot  Necr/Alch/Air  26%        N/A       12%         2
 Mercury Vapours          Alch/Air       26%        N/A       12%         2
 Searing Ray              Conj           26%        2d5       12%         2
 Frozen Ramparts          Ice            34%        1d6       16%         3
 Ozocubu's Armour         Ice            17%        N/A       16%         3
 Iskenderun's Mystic Bla  Conj/Tloc      29%        2d7       16%         4
 Vhi's Electric Charge    Tloc/Air       58%        N/A       16%         4
 Hailstorm                Conj/Ice       15%        3d6       21%         3
 Discord                  Hex            36%        N/A       22%         8
 Fugue of the Fallen      Necr           13%        N/A       24%         3
 Mephitic Cloud           Conj/Alch/Air  13%        N/A       24%         3
 Stone Arrow              Conj/Erth      26%        3d8       24%         3
 Swiftness                Air            13%        N/A       24%         3
 Summon Forest            Summ/Tloc      14%        N/A       41%         5
 Summon Ice Beast         Ice/Summ       15%        N/A       54%         4
 Brom's Barrelling Bould  Conj/Erth      13%        2d4       63%         4
 Dispel Undead            Necr           13%        3d9       63%         4
 Fulminant Prism          Conj/Alch      6%         3d7       63%         4
 Ignite Poison            Fire/Alch      13%        N/A       63%         4
 Leda's Liquefaction      Alch/Erth      6%         N/A       63%         4
 Olgreb's Toxic Radiance  Alch           13%        N/A       63%         4
 Petrify                  Alch/Erth      13%        N/A       63%         4
 Sticky Flame             Fire/Alch      13%        2d5       63%         4
 Freezing Cloud           Conj/Ice/Air   7%         6-21      90%         5
 Alistair's Intoxication  Alch           8%         N/A       92%         5
 Arcjolt                  Conj/Air       6%         1d16      92%         5
 Borgnjor's Vile Clutch   Necr/Erth      6%         N/A       92%         5
 Fireball                 Conj/Fire      6%         3d5       92%         5
 Iskenderun's Battlesphe  Conj           13%        2d7       92%         5
 Conjure Ball Lightning   Conj/Air       6%         3x3d6     100%        6
 Death Channel            Necr           6%         N/A       100%        6
 Eringya's Noxious Bog    Alch           6%         4d6       100%        6
 Plasma Beam              Fire/Air       6%         2x1d17    100%        6
 Simulacrum               Ice/Necr       7%         N/A       100%        6
 Malign Gateway           Summ/Tloc      14%        N/A       100%        7
 Monstrous Menagerie      Summ           6%         N/A       100%        7
 Orb of Destruction       Conj           6%         9d6       100%        7
 Ozocubu's Refrigeration  Ice            8%         4d9       100%        7
 Spellforged Servitor     Conj/Summ      6%         N/A       100%        7
 Summon Hydra             Summ           6%         N/A       100%        7
 Borgnjor's Revivificati  Necr           6%         N/A       100%        8
 Disjunction              Tloc           22%        N/A       100%        8
 Ignition                 Fire           6%         3d4       100%        8


Dungeon Overview and Level Annotations

Branches:
Dungeon (15/15)            Temple (1/1) D:5            Lair (5/5) D:9
 Shoals (4/4) Lair:3        Snake (4/4) Lair:3        Slime (0/5) Lair:5
    Orc (2/2) D:12            Elf (2/3) Orc:2        Vaults (0/5) D:13
 Depths (0/4) D:15          IceCv (visited)         Volcano (visited)
Gauntlet (visited)

Altars:
Ashenzari
Cheibriados
Dithmenos
Elyvilon
Fedhas
Gozag
Hepliaklqana
Kikubaaqudgha
Makhleb
Nemelex Xobeh
Okawaru
Qazlal
Ru
Sif Muna
Trog
Uskayaw
Vehumet
Wu Jian
Xom
Yredelemnul
Zin
The Shining One
Jiyva

Shops:
D:5 ?   D:8 :   D:9 *   Orc:2 [*=(   Elf:2 *   Shoals:1 ![   Shoals:2 (!:[=:
Shoals:3 *   Snake:1 ((=(   Snake:3 ([

Annotations:
D:9 2 transporters, 1 exclusion, Bizboz's ghost, journeyman DjAl
Snake:4 Mara; Vashnia


Innate Abilities, Weirdness & Mutations

You are a living statue of rough stone.
Your actions are slow, but your melee attacks are powerful.
You are resistant to unholy torment.
Your maximum health is greatly increased.
Your equipment is partially melded.
You are very small and have problems with some larger weapons.
You are too small for most types of armour.
You are immune to poison.
You have supernaturally acute eyesight. (SInv)
((You cover ground extremely quickly. (Speed+++)))


Message History

You are covered in intense liquid fire!
You shake off some of the fire as you move.
The liquid fire burns you!
* * * LOW HITPOINT WARNING * * *
The deep elf pyromancer gestures wildly while chanting.
The deep elf pyromancer blinks!
You shake off some of the fire as you move.
The liquid fire burns you!
* * * LOW HITPOINT WARNING * * *
You shake off the liquid fire.
The deep elf pyromancer points at you and mumbles some strange words.
You block the pyre arrow... and reflect it back!
The pyre arrow hits the deep elf pyromancer.
The deep elf pyromancer burns! x2
The deep elf pyromancer casts a spell.
The deep elf pyromancer shakes off the sticky flame as it moves.
Uskayaw will no longer force your foes to helplessly watch your dance.
The deep elf pyromancer casts a spell at you.
The pyre arrow hits you.
You are covered in intense liquid fire!
You closely miss the deep elf pyromancer.
The liquid fire burns you!
* * * LOW HITPOINT WARNING * * *
The deep elf pyromancer completely misses you.
You can no longer pass through a line of other dancers.
You closely miss the deep elf pyromancer.
The liquid fire burns you!
* * * LOW HITPOINT WARNING * * *
The deep elf pyromancer barely misses you.
You block the fire elemental's attack.
You puncture the deep elf pyromancer! You burn the deep elf pyromancer.
The liquid fire burns you!
* * * LOW HITPOINT WARNING * * *
The fire elemental completely misses you.
The deep elf pyromancer misses you.
You impale the deep elf pyromancer!! You burn the deep elf pyromancer.
You kill the deep elf pyromancer!
The fire elemental disappears in a puff of smoke!
The liquid fire burns you!
* * * LOW HITPOINT WARNING * * *
You can now pass through a line of other dancers.
You shake off some of the fire as you move.
The liquid fire burns you!
* * * LOW HITPOINT WARNING * * *
You shake off some of the fire as you move.
The liquid fire burns you!
* * * LOW HITPOINT WARNING * * *
You are on fire!
The liquid fire burns you!
You die...

##.....#...........###...###
##...###..........# #)...##
##..## ##........# ##...##
##....###.........## ##..##
#......#...........###...##
##.................)#.)...#
##.........)......))....##
##.....##...##...##)....# #
##.....####8####.####..### #
#....)## ############## ###
#.....)####...#.#...######.#
##......##.....#....)#......
##.....#.....).......####.#
##.....#....)...)....####.#
##......'...................
#.......'#.......)..)#.####.
#.......'.#.)..8...)#...###.


There were no monsters in sight!

Vanquished Creatures
  Jorgrun (D:13)
  Mlioglotl (Snake:2)
  A lich (IceCv)
  A deep elf blademaster (Elf:2)
  Asterion (Elf:1)
  A deep elf master archer (Elf:1)
  Aizul (Snake:1)
  The ghost of Iheguu the Devastator, an adept DsEE of Vehumet (Snake:3)
  Kirke (Snake:1)
  A nagaraja (Snake:2)
  A deep elf elementalist (Elf:1)
  Louise (Shoals:3)
  An orc warlord (Orc:1)
  A deep elf demonologist (Elf:1)
  The ghost of Plog the Carver, a journeyman DsGl of Okawaru (Lair:4)
  A red draconian (Volcano)
  A minotaur (Gauntlet)
  4 merfolk javelineers
  7 merfolk impalers
  An ettin (Orc:2)
  A fire dragon (D:9)
  A rakshasa (D:15)
  A vault guard (D:13)
  8 hydras
  2 salamander tyrants
  2 boulder beetles
  3 catoblepae (Lair:5)
  Erolcha (Orc:2)
  A merfolk avatar (Shoals:3)
  An ogre mage (Volcano)
  3 merfolk aquamancers
  6 anacondas
  13 dancing weapons
  8 two-headed ogres
  4 satyrs
  2 tengu warriors (D:15)
  6 centaur warriors
  5 naga warriors
  An orc high priest (Orc:2)
  16 death yaks
  A spectral salamander (Snake:3)
  Nergalle (Orc:2)
  4 naga sharpshooters
  3 shock serpents
  3 deep elf knights
  7 skysharks
  4 skeletal warriors (D:15)
  9 salamander mystics
  An obsidian statue (IceCv)
  15 sea snakes
  2 spriggan simulacra (IceCv)
  A glowing orange brain (Gauntlet)
  4 naga ritualists
  4 bog bodies (IceCv)
  9 deep elf archers
  16 deep elf pyromancers
  Pikel (D:7)
  16 deep elf zephyrmancers
  29 harpies
  3 necromancers
  4 orc knights
  19 ugly things
  4 mana vipers
  5 orc sorcerers
  2 oklob plants
  25 fauns
  6 cyclopes
  3 centaur zombies (D:15)
  7 merfolk sirens
  22 salamanders
  A spectral shock serpent (Snake:3)
  5 kobold blastminers
  24 elephants
  13 manticores
  34 black mambas
  10 water nymphs
  A guardian serpent (Snake:3)
  7 cane toads
  11 naga magi
  2 torpor snails
  3 gargoyles
  Maggie (Lair:2)
  A centaur skeleton (D:15)
  2 unseen horrors
  13 komodo dragons
  2 kobold demonologists (D:9)
  15 freezing wraiths
  4 rime drakes
  3 ice devils
  A golden dragon simulacrum (IceCv)
  3 anaconda simulacra (IceCv)
  3 tengu conjurers
  3 meliai (D:14)
  32 merfolk
  4 polar bears
  A meliai (shapeshifter) (D:15)
  2 hornets
  4 trolls
  3 alligator simulacra (IceCv)
  6 wind drakes
  6 blink frogs
  5 slime creatures
  12 dream sheep
  10 snapping turtles
  A spectral black mamba (Snake:3)
  A shock serpent simulacrum (Snake:3)
  8 spriggans
  15 water elementals
  A centaur simulacrum (D:15)
  3 air elementals
  3 shadows
  A vampire (D:11)
  6 wraiths
  2 wyverns
  4 dire elephant simulacra (IceCv)
  A hog (Snake:1)
  2 basilisks
  2 fire elementals (Elf:1)
  63 yaks
  3 wargs (Orc:2)
  13 vampire mosquitoes
  6 steam dragons
  A minotaur simulacrum (IceCv)
  27 nagas
  5 acid dragons
  16 water moccasins
  6 harpy simulacra (IceCv)
  The ghost of ProfCupcake the Conjurer, an amateur TeCj (D:3)
  2 hydra simulacra (IceCv)
  A spectral naga (Snake:3)
  27 orc warriors
  3 sky beasts
  2 black mamba simulacra (Snake:3)
  4 black bears
  A black bear (shapeshifter) (D:15)
  2 ettin simulacra (IceCv)
  21 wolves
  9 ogres
  15 centaurs
  5 kobold brigands
  A phantom (D:7)
  24 bullfrogs
  A deep troll simulacrum (IceCv)
  5 gnoll sergeants
  An earth elemental (Elf:1)
  2 scorpions (D:5)
  6 wights
  3 lindwurm simulacra (IceCv)
  2 killer bees
  2 electric eels (Lair:4)
  6 howler monkeys
  3 hounds (D:5)
  2 jellies (D:7)
  A gnoll bouda (D:5)
  19 orc priests
  2 sleepcaps
  Terence (D:3)
  3 iguanas (D:7)
  19 orc wizards
  2 naga simulacra (Snake:3)
  22 gnolls
  8 adders
  A shadow imp (D:7)
  4 white imps
  4 worms (D:3)
  2 dart slugs
  67 orcs
  10 endoplasms
  4 giant cockroaches
  9 goblins
  5 hobgoblins
  11 jackals
  12 kobolds
  7 quokkas
  7 ball pythons
  6 bats
  4 frilled lizards
  4 rats
1166 creatures vanquished.

Vanquished Creatures (others)
  A naga mage (Snake:2)
  5 humans (Snake:1)
  An orc (D:7)
  An endoplasm (D:1)
  An orc zombie (D:9)
9 creatures vanquished.

Grand Total: 1175 creatures vanquished

Notes
Turn   | Place    | Note
-------+----------+-------------------------------------------
     0 | D:1      | James the Spriggan Enchanter began the quest for the Orb.
     0 | D:1      | Reached XP level 1. HP: 9/9 MP: 5/5
   254 | D:1      | Reached XP level 2. HP: 13/13 MP: 6/6
   257 | D:1      | Learned a level 2 spell: Ensorcelled Hibernation
   603 | D:1      | Reached skill level 5 in Stealth
  1003 | D:2      | Reached XP level 3. HP: 16/16 MP: 8/8
  1222 | D:2      | Learned a level 3 spell: Confusing Touch
  1226 | D:2      | Learned a level 3 spell: Tukima's Dance
  1427 | D:2      | Reached XP level 4. HP: 21/21 MP: 9/9
  2041 | D:3      | Found a runed translucent door.
  2099 | D:3      | Noticed Terence
  2103 | D:3      | Found a faded altar of an unknown god.
  2200 | D:3      | Reached XP level 5. HP: 25/25 MP: 11/11
  2506 | D:3      | Found a runed translucent door.
  2525 | D:3      | Found an opulent altar of Gozag.
  2658 | D:3      | Noticed ProfCupcake's ghost (amateur TeCj)
  2897 | D:3      | Found an ancient bone altar of Kikubaaqudgha.
  2944 | D:3      | Killed Terence
  2945 | D:3      | Reached skill level 6 in Stealth
  3281 | D:4      | Reached skill level 1 in Fighting
  3794 | D:4      | Found a broken altar of Ashenzari.
  3794 | D:4      | Found a shimmering altar of Xom.
  4128 | D:5      | Entered Level 5 of the Dungeon
  4131 | D:5      | Reached skill level 7 in Stealth
  4131 | D:5      | Reached XP level 6. HP: 30/30 MP: 13/13
  4132 | D:5      | Found Peofozxu's Magic Scroll Shoppe.
  4137 | D:5      | Found a staircase to the Ecumenical Temple.
  4191 | D:5      | Reached skill level 8 in Stealth
  4204 | Temple   | Entered the Ecumenical Temple
  4212 | Temple   | Became a worshipper of Uskayaw the Reveller
  4250 | D:5      | Noticed a water moccasin
  4253 | D:5      | Killed a water moccasin
  4253 | D:5      | Reached * piety under Uskayaw
  4254 | D:5      | Reached XP level 7. HP: 33/33 MP: 13/15
  4289 | D:5      | Reached skill level 5 in Spellcasting
  4289 | D:5      | Reached skill level 5 in Hexes
  4289 | D:5      | Reached skill level 1 in Ice Magic
  4303 | D:5      | Reached ** piety under Uskayaw
  4322 | D:5      | Bought a scroll of blinking for 112 gold pieces
  4322 | D:5      | Bought a scroll of revelation for 112 gold pieces
  4444 | D:5      | Learned a level 2 spell: Jinxbite
  4449 | D:5      | Reached skill level 5 in Short Blades
  4562 | D:5      | Identified the +1 leather armour of the Engineer {*Slow rC+
                  | rCorr}
  4755 | D:5      | Found a bloodstained altar of Trog.
  4856 | D:5      | Bought a scroll of fear for 60 gold pieces
  5028 | D:6      | Reached XP level 8. HP: 34/37 MP: 13/16
  5203 | D:6      | Found an iron altar of Okawaru.
  5294 | D:6      | Reached *** piety under Uskayaw
  5473 | D:6      | Learned a level 3 spell: Dazzling Flash
  5774 | D:6      | Reached skill level 9 in Stealth
  5885 | D:6      | Reached skill level 5 in Dodging
  6034 | D:7      | Reached skill level 10 in Stealth
  6295 | D:7      | Reached XP level 9. HP: 41/41 MP: 13/17
  6365 | D:7      | Reached skill level 11 in Stealth
  6486 | D:7      | an ice beast changed into a komodo dragon
  6486 | D:7      | Noticed a komodo dragon
  6489 | D:7      | Killed a komodo dragon
  6490 | D:7      | Reached skill level 12 in Stealth
  6620 | D:7      | Reached skill level 10 in Short Blades
  6769 | D:7      | Reached **** piety under Uskayaw
  6877 | D:7      | Noticed Pikel
  6887 | D:7      | Killed Pikel
  7359 | D:8      | Reached XP level 10. HP: 27/46 MP: 14/18
  7365 | D:8      | Reached skill level 5 in Invocations
  7371 | D:8      | Reached ***** piety under Uskayaw
  7458 | D:8      | Found Peus's Vocational Training.
  7994 | D:9      | Noticed Bizboz's ghost (journeyman DjAl)
  8002 | D:9      | Found a transporter.
  8018 | D:9      | Found a transporter.
  8117 | D:9      | Found a blossoming altar of Fedhas.
  8155 | D:9      | Found a staircase to the Lair.
  8164 | D:9      | Found an ornate altar of the Wu Jian Council.
  8177 | D:9      | Found Soahur's Assorted Antiques.
  8279 | D:9      | Noticed a cyclops
  8290 | D:9      | Killed a cyclops
  8312 | D:9      | Found a burning altar of Makhleb.
  8316 | D:9      | Noticed a two-headed ogre
  8323 | D:9      | Killed a two-headed ogre
  8340 | D:9      | Noticed a two-headed ogre
  8347 | D:9      | Killed a two-headed ogre
  8360 | D:9      | Noticed a manticore
  8362 | D:9      | Reached ****** piety under Uskayaw
  8488 | D:9      | Identified the +0 ring mail of Biwun {rF++ Will-}
  8526 | D:8      | Learned a level 2 spell: Blink
  8565 | D:9      | Reached XP level 11. HP: 52/52 MP: 19/24
  8571 | D:9      | Reached skill level 13 in Stealth
  8674 | D:9      | Noticed a centaur warrior
  8802 | D:9      | Killed a centaur warrior
  8803 | D:9      | Reached skill level 1 in Shields
  8854 | D:9      | Identified the ring "Viacoas" {rCorr Dex+4}
  8865 | D:9      | Identified the ring of Disaster {rCorr Dex+3}
  8865 | D:9      | Noticed a deep elf archer
  8892 | D:9      | Got Sif Muna's Compilation of Coordinates and the Tempest
  8894 | D:9      | Noticed a two-headed ogre
  8922 | D:9      | Noticed a fire dragon
  8952 | D:9      | Killed a two-headed ogre
  9302 | D:9      | Noticed a seven-headed hydra
  9469 | D:9      | Killed a fire dragon
  9619 | D:9      | Noticed an eight-headed hydra
  9700 | D:9      | Reached skill level 14 in Stealth
  9726 | D:9      | Killed a seven-headed hydra
  9755 | D:9      | Killed a deep elf archer
  9756 | D:9      | Reached skill level 15 in Stealth
  9756 | D:9      | Reached skill level 5 in Shields
 10243 | D:9      | Killed an eight-headed hydra
 10244 | D:9      | Reached skill level 16 in Stealth
 10304 | D:9      | Found a blossoming altar of Fedhas.
 10342 | D:9      | Found an ornate altar of the Wu Jian Council.
 10463 | D:9      | Identified the +8 eveningstar of Vengeance {freeze, Int+3}
 10577 | D:9      | Found a transporter.
 10609 | D:9      | Found a transporter.
 10661 | D:9      | Found a burning altar of Makhleb.
 10794 | D:9      | Found Soahur's Assorted Antiques.
 10877 | D:9      | Found a staircase to the Lair.
 11036 | D:9      | Found an ornate altar of the Wu Jian Council.
 11069 | D:9      | Found a blossoming altar of Fedhas.
 11115 | D:9      | Found a staircase to the Lair.
 11124 | D:9      | Found Soahur's Assorted Antiques.
 11216 | D:9      | Found a transporter.
 11250 | D:9      | Found a transporter.
 11302 | D:9      | Found a burning altar of Makhleb.
 11569 | D:10     | Entered Level 10 of the Dungeon
 11622 | D:10     | Reached XP level 12. HP: 56/56 MP: 25/25
 11852 | D:10     | Reached skill level 17 in Stealth
 12890 | D:11     | Noticed a boulder beetle
 12897 | D:11     | Killed a boulder beetle
 13137 | D:11     | Reached skill level 18 in Stealth
 13154 | D:11     | Noticed a two-headed ogre
 13159 | D:11     | Killed a two-headed ogre
 14504 | D:3      | Killed ProfCupcake's ghost
 14697 | Lair:1   | Entered Level 1 of the Lair of Beasts
 15237 | Lair:1   | Reached XP level 13. HP: 56/61 MP: 3/27
 15709 | Lair:2   | Noticed Maggie
 15718 | Lair:2   | Killed Maggie
 16044 | Lair:2   | Reached skill level 10 in Dodging
 16492 | Lair:2   | You fall into a shaft and drop 1 floor!
 16895 | Lair:3   | Found a staircase to the Snake Pit.
 17220 | Lair:3   | Found a staircase to the Shoals.
 17339 | Lair:3   | Identified the +0 chain mail "Kosemof" {Dex+2 SInv}
 17356 | Lair:3   | Reached skill level 19 in Stealth
 17800 | Lair:4   | Noticed Plog's ghost (journeyman DsGl)
 17800 | Lair:4   | Found a transporter.
 17837 | Lair:4   | Found a dark tunnel.
 17868 | Volcano  | Entered a volcano
 17884 | Volcano  | Noticed a red draconian
 17887 | Volcano  | Killed a red draconian
 17932 | Volcano  | Reached skill level 20 in Stealth
 18125 | Lair:4   | Found a transporter.
 18193 | Lair:4   | Reached XP level 14. HP: 53/66 MP: 21/28
 18667 | Lair:3   | Reached skill level 10 in Spellcasting
 18667 | Lair:3   | Reached skill level 10 in Hexes
 19348 | Lair:4   | Reached skill level 21 in Stealth
 19865 | Lair:5   | Entered Level 5 of the Lair of Beasts
 19871 | Lair:5   | Found a gate leading to a gauntlet.
 19889 | Gauntlet | Entered a Gauntlet
 19889 | Gauntlet | Found a transporter.
 19900 | Gauntlet | Found a transporter.
 19903 | Gauntlet | Found a transporter.
 19904 | Gauntlet | Found a transporter.
 19908 | Gauntlet | Found a runed translucent door.
 19908 | Gauntlet | Found a runed translucent door.
 19912 | Gauntlet | Found a transporter.
 19915 | Gauntlet | Found a transporter.
 19916 | Gauntlet | Found a transporter.
 19925 | Gauntlet | Found a transporter.
 19928 | Gauntlet | Found a transporter.
 19929 | Gauntlet | Found a transporter.
 19937 | Gauntlet | Found a transporter.
 19940 | Gauntlet | Found a transporter.
 19941 | Gauntlet | Found a transporter.
 19949 | Gauntlet | Found a transporter.
 20320 | Gauntlet | Reached skill level 5 in Fighting
 20760 | Lair:5   | Reached skill level 1 in Shapeshifting
 21082 | Lair:5   | Found a staircase to the Slime Pits.
 21082 | Lair:5   | Found a viscous altar of Jiyva.
 21116 | Lair:5   | Reached skill level 5 in Shapeshifting
 21134 | Lair:5   | Found a bloodstained altar of Trog.
 21417 | Lair:5   | Identified the +0 trident "Zuhuddor" {venom, *Slow Will++
                  | Str+8 Int-5}
 21725 | Lair:5   | Reached XP level 15. HP: 49/72 MP: 10/30
 22205 | D:12     | Reached skill level 1 in Translocations
 22730 | D:12     | Found a staircase to the Orcish Mines.
 23416 | D:13     | Found a sparkling altar of Nemelex Xobeh.
 23564 | D:13     | Noticed Jorgrun
 23570 | D:13     | Killed Jorgrun
 23575 | D:13     | Found a gate to the Vaults.
 24052 | D:13     | Reached skill level 10 in Shapeshifting
 24152 | D:13     | Found a sparkling altar of Nemelex Xobeh.
 24469 | D:13     | Found a gate to the Vaults.
 24918 | Orc:1    | Entered Level 1 of the Orcish Mines
 25199 | Orc:2    | Entered Level 2 of the Orcish Mines
 25284 | Orc:2    | Noticed Erolcha
 25290 | Orc:2    | Found a staircase to the Elven Halls.
 25538 | Orc:2    | Noticed Nergalle
 26021 | Orc:2    | Killed Erolcha
 26941 | Orc:2    | Killed Nergalle
 27021 | Orc:2    | Found Onla's Antique Armour Shoppe.
 27226 | Orc:2    | Found Ixzuing's Antique Weapon Shoppe.
 27251 | Orc:2    | Found Vyvitzol's General Store.
 27265 | Orc:2    | Found Couwag's Jewellery Shoppe.
 29885 | D:15     | Entered Level 15 of the Dungeon
 31573 | D:8      | Bought a manual of Invocations for 1200 gold pieces
 31687 | Snake:1  | Entered Level 1 of the Snake Pit
 31687 | Snake:1  | Identified the serpent talisman of the Curious Places
                  | {+Blink Int+3 Dex+3}
 31687 | Snake:1  | Noticed Aizul
 31691 | Snake:1  | Killed Aizul
 31692 | Snake:1  | Reached skill level 15 in Shapeshifting
 31760 | Snake:1  | Reached XP level 16. HP: 76/76 MP: 27/31
 31799 | Snake:1  | Found Kihuc's Antique Weapon Shop.
 31920 | Snake:1  | Found Vuuwemaq's Weapon Shoppe.
 31934 | Snake:1  | Noticed Kirke
 31938 | Snake:1  | Killed Kirke
 32112 | Snake:1  | Found Riaxergh's Weapon Emporium.
 32180 | Snake:1  | Found Duurise's Jewellery Shop.
 32255 | Snake:1  | Found Duurise's Jewellery Shop.
 32280 | Snake:1  | Found Riaxergh's Weapon Emporium.
 32848 | Snake:2  | Found an ancient bone altar of Kikubaaqudgha.
 32869 | Snake:2  | Noticed Mlioglotl
 32907 | Snake:2  | Identified the +8 dagger "Goblinslayer" {vamp, rCorr}
 33575 | Snake:2  | Reached skill level 10 in Invocations
 33579 | Snake:2  | Identified the +7 spear "Reujoacw" {venom, *Rage Dex+3
                  | SInv}
 33996 | Snake:2  | Killed Mlioglotl
 34679 | Snake:3  | Found Edweng's Antique Weapon Shoppe.
 34688 | Snake:3  | Found Ineokegobu's Armour Emporium.
 34819 | Snake:3  | Found a runed translucent gate.
 34819 | Snake:3  | Found a runed translucent gate.
 34819 | Snake:3  | Found a runed translucent gate.
 34824 | Snake:3  | Noticed Iheguu's ghost (adept DsEE)
 35755 | Snake:4  | Entered Level 4 of the Snake Pit
 35773 | Snake:4  | Noticed Vashnia
 36203 | Snake:4  | Noticed Mara
 36328 | Snake:3  | Got Rirruote's Lessons on Impurities and Position
 36363 | Snake:3  | Reached XP level 17. HP: 80/80 MP: 28/32
 37339 | D:15     | Found a staircase to the Depths.
 37347 | D:15     | Reached skill level 15 in Invocations
 37647 | Lair:4   | Killed Plog's ghost
 37806 | Lair:5   | Learned a level 2 spell: Passwall
 37811 | Lair:5   | Learned a level 4 spell: Passage of Golubria
 37817 | Lair:5   | Learned a level 5 spell: Summon Mana Viper
 38121 | Snake:3  | Killed Iheguu's ghost
 38412 | Lair:3   | Identified the +2 leather armour of the Known World {Dex+2}
 38437 | Shoals:1 | Entered Level 1 of the Shoals
 38478 | Shoals:1 | Reached skill level 5 in Translocations
 39323 | Shoals:1 | Found Enki's Dragon-Slaying Spoils.
 39366 | Shoals:1 | Upgraded the game from 0.31-a0-1327-g8c40ea976f to
                  | 0.31-a0-1343-gcd514f47d3
 39368 | Shoals:2 | Found Tiuliesu's Distillery.
 39370 | Shoals:2 | Found Woips's Self-Improvement Boutique.
 39520 | Shoals:2 | Found Kamidada's Antique Armour Boutique.
 39753 | Shoals:2 | Found Nillatym's Jewellery Shoppe.
 39978 | Shoals:2 | You are sucked into a shaft and drop 1 floor!
 40023 | Shoals:2 | Found Baotigg's Antique Weapon Emporium.
 40346 | Shoals:2 | Found Ceditz's Book Shop.
 40355 | Shoals:2 | Bought the Meditations on Toxicology and Glamour for 600
                  | gold pieces
 40363 | Shoals:2 | Learned a level 7 spell: Enfeeble
 40644 | Shoals:3 | Noticed Louise
 40802 | Shoals:3 | Killed Louise
 41106 | Shoals:3 | Identified the ring of Geck {rN+ rCorr}
 41162 | Shoals:3 | Found Gimod's Gadget Gallery.
 41407 | Shoals:3 | Reached XP level 18. HP: 86/86 MP: 31/35
 41935 | Shoals:4 | Entered Level 4 of the Shoals
 42834 | Shoals:4 | Identified the ring of the Queen {rElec rPois rF- rCorr
                  | Dex+6}
 42853 | Shoals:4 | Identified the +4 quarterstaff of Nuesmutz {drain, rC+}
 42909 | Shoals:4 | Reached skill level 15 in Hexes
 42962 | Shoals:4 | Got a barnacled rune of Zot
 43838 | Shoals:3 | Bought a wand of roots (1) for 45 gold pieces
 44097 | Elf:1    | Entered Level 1 of the Elven Halls
 44521 | Elf:1    | Found a huge runed translucent gate.
 44521 | Elf:1    | Found a huge runed translucent gate.
 44521 | Elf:1    | Found a huge runed translucent gate.
 44521 | Elf:1    | Found a huge runed translucent gate.
 44521 | Elf:1    | Found a huge runed translucent gate.
 44521 | Elf:1    | Found a huge runed translucent gate.
 44521 | Elf:1    | Found a huge runed translucent gate.
 44521 | Elf:1    | Found a huge runed translucent gate.
 44521 | Elf:1    | Found a huge runed translucent gate.
 44521 | Elf:1    | Found a huge runed translucent gate.
 44521 | Elf:1    | Found a huge runed translucent gate.
 44522 | Elf:1    | Found a huge runed translucent gate.
 44522 | Elf:1    | Found a huge runed translucent gate.
 44522 | Elf:1    | Found a huge runed translucent gate.
 44522 | Elf:1    | Found a huge runed translucent gate.
 44522 | Elf:1    | Found a huge runed translucent gate.
 44522 | Elf:1    | Found a huge runed translucent gate.
 44522 | Elf:1    | Found a huge runed translucent gate.
 44522 | Elf:1    | Found a huge runed translucent gate.
 44522 | Elf:1    | Found a huge runed translucent gate.
 45080 | Elf:1    | Noticed Asterion
 45087 | Elf:1    | Killed Asterion
 45334 | Elf:2    | Found a frozen archway.
 45382 | IceCv    | Entered an ice cave
 46079 | IceCv    | Found an ancient bone altar of Kikubaaqudgha.
 46536 | IceCv    | Identified the ring of Free Will {rC+ rN+}
 46718 | IceCv    | Noticed a lich
 46731 | IceCv    | Killed a lich
 46867 | IceCv    | Got the Handbook of Cryomancy and Profane Rituals
 47121 | Elf:2    | Found Summikhu's General Store.
 47128 | Elf:2    | Bought a potion of magic for 168 gold pieces
 47264 | Elf:2    | Reached XP level 19. HP: 90/90 MP: 37/37
 47306 | Elf:2    | Identified the +7 war axe of Moral Flaws {heavy, rN+ Str+3
                  | Dex-2}
 47386 | Elf:2    | Found a huge runed translucent gate.
 47386 | Elf:2    | Found a huge runed translucent gate.
 47386 | Elf:2    | Found a huge runed translucent gate.
 47386 | Elf:2    | Found a huge runed translucent gate.
 47387 | Elf:2    | Found a huge runed translucent gate.
 47872 | Elf:2    | Incinerated by a deep elf pyromancer

Illustrated notes

Levels and vault maps discovered:
D:1:      minmay_arrival_doors, layout_loops_ring,
          chequers_serial_rivers_micro_c, lemuel_flame_loot_1
D:2:      layout_loops_cross
D:3:      layout_basic, mainiacjoe_overflow_brackets,
          mainiacjoe_overflow_alcove_2, ebering_ghost_sewer_f,
          shapermc_ecumenical_altar_acropolis, uniq_terence
D:4:      layout_loops_ring, nicolae_overflow_two_pavilions, chequers_big_river
D:5:      layout_rooms, marbit_many_paths, minmay_temple_entry_steel_oval,
          serial_shops, shop, amcnicky_mini_corridor_feature, minivault_14,
          serial_bayou_lagoon_a
D:6:      layout_loops_cross, amcnicky_altar_gilded
D:7:      minmay_octagon_keep, layout_basic, skrybe_limestone_x, uniq_pikel
D:8:      layout_loops_cross, nicolae_shop_vocational
D:9:      minmay_the_grid_square_5x5_4x4 [minmay_the_grid_square_5x5_inner_z,
          minmay_the_grid_square_5x5_sharp_hourglass,
          minmay_the_grid_square_5x5_dogpile,
          minmay_the_grid_square_5x5_half_checkered,
          minmay_the_grid_square_5x5_tie,
          minmay_the_grid_square_5x5_prize_deathbox,
          minmay_the_grid_square_5x5_prize_waves,
          minmay_the_grid_square_5x5_checkered,
          minmay_the_grid_square_5x5_hollow_slash,
          minmay_the_grid_square_5x5_prize_monsterx,
          minmay_the_grid_square_5x5_prize_junk,
          minmay_the_grid_square_5x5_hourglass,
          minmay_the_grid_square_5x5_shrine1,
          minmay_the_grid_square_5x5_one_wall,
          minmay_the_grid_square_5x5_two_walls_b,
          minmay_the_grid_square_5x5_plus], layout_basic,
          mainiacjoe_overflow_tiny_flanked, mainiacjoe_overflow_catwalk,
          gammafunk_ghost_stat_death, serial_shops, nicolae_take_the_stairs
D:10:     minmay_skewed_foursquare, layout_loops_ring
D:11:     kb_forest_paths, layout_irregular_city, serial_library_hellmonk_room_c
D:12:     layout_basic, david_orc_2
D:13:     layout_stronghold, erik_vaults_1, nemelex_spade_bored_becter,
          uniq_jorgrun
D:14:     layout_stronghold
D:15:     grunt_enter_depths_magical_seal, layout_stronghold, amethyst_killhole
Temple:   nicolae_temple_two_arcs
Lair:1:   layout_roguey, st_stairs_10, minmay_holes, small_statue_intersection,
          serial_bayou_shore_b
Lair:2:   layout_roguey, serial_bayou_shore_b, infiniplex_staircase_pool,
          uniq_maggie
Lair:3:   layout_misc_corridors, minmay_shoals_entry_beasts,
          alex1729_snake_entry_snake, grunt_megastairs_3
Lair:4:   layout_regular_city, enter_volcano_1, gammafunk_ghost_arena,
          grunt_forest_stairs_clearing, serial_bayou_shore_a
Lair:5:   evilmike_catoblepas_cave, layout_regular_city, slime_entry_1,
          gauntlet_entry_generic, serial_forest, infiniplex_forest_lined_1,
          infiniplex_forest_end_2, infiniplex_forest_clump_medium,
          infiniplex_forest_lined_ring, infiniplex_forest_side_room,
          lemuel_oklob_altar
Shoals:1: layout_shoals, nicolae_shop_dragon_depot
Shoals:2: layout_shoals, serial_shops, nicolae_shop_real_fake_doors, shop, shop,
          shop, shop, nicolae_shop_self_help
Shoals:3: layout_shoals, nicolae_shop_gadgets, uniq_louise
Shoals:4: shoals_end_grunt_garden, layout_shoals
Snake:1:  layout_onion_interference, serial_shops, nicolae_shop_statue_plus,
          nicolae_shop_waterfront, shop_fountains,
          nicolae_shop_overgrown_old_shop, chequers_hall_statues_wall_a,
          uniq_aizul, uniq_kirke
Snake:2:  layout_misc_corridors, basic_altar, grunt_ministairs_1, uniq_mlioglotl
Snake:3:  cheibrodos_snake_lava_hold, layout_cave_shapes,
          gammafunk_ghost_necromancy, guppyfry_library_mini, minmay_shoptagon
Snake:4:  grunt_snake_rune_spirals, layout_onion, serial_shops,
          bzr_entry_customers, serial_bayou_pond_d, uniq_vashnia, uniq_mara
Orc:1:    layout_caves, mines2_david
Orc:2:    grunt_orc_cross, layout_caves, uniq_erolcha
Elf:1:    layout_loops_corners, serial_glass, glass_columns_b, glass_columns_a,
          glass_columns_c, glass_columns_a, glass_columns_a, glass_columns_a,
          glass_columns_c, glass_columns_a, hangedman_elf_represent,
          uniq_asterion
Elf:2:    elven_hall_of_blades_hangedman_alternative
          [mumra_blade_entry_bloodbath], layout_loops_cross, serial_shops,
          shop_statue, portal_ice_cave_entry_ugly_swarm

Skill      XL: |  1  2  3  4  5  6  7  8  9 10 11 12 13 14 15 16 17 18 19 |
---------------+----------------------------------------------------------+-----
Dodging        | 3 5 6 7 8 9 10 12 | 12.0
Short Blades   | 2 3 4 7 8 10 11 14 | 14.0
Stealth        | 5 7 8 10 12 16 18 20 21 | 21.0
Spellcasting   | 3 4 5 8 9 10 12 13 | 13.0
Hexes          | 4 5 8 9 10 13 19 | 19.0
Fighting       | 1 2 3 4 5 6 7 |  7.5
Ice Magic      | 1 |  1.0
Invocations    | 4 5 14 15 | 15.0
Shields        | 5 6 7 8 |  8.0
Shapeshifting  | 7 15 16 | 16.0
Translocations | 4 8 |  8.0

Action                     |  1- 3 |  4- 6 |  7- 9 | 10-12 | 13-15 | 16-18 | 19-21 || total
---------------------------+-------+-------+-------+-------+-------+-------+-------++-------
  Melee: Dagger            |   123 |   185 |   214 |   533 |   773 |  1105 |       ||  2933
         Punch             |     1 |       |       |       |       |       |       ||     1
         Rapier            |       |       |       |       |     6 |   270 |    65 ||   341
   Cast: Ensorcelled Hiber |     4 |    18 |    38 |   123 |   224 |   198 |       ||   605
         Confusing Touch   |       |     1 |     5 |    17 |    27 |     9 |       ||    59
         Jinxbite          |       |       |     2 |     1 |       |     2 |       ||     5
         Dazzling Flash    |       |       |       |     1 |       |    23 |       ||    24
         Tukima's Dance    |       |       |       |       |       |     4 |       ||     4
         Summon Mana Viper |       |       |       |       |       |     1 |       ||     1
         Enfeeble          |       |       |       |       |       |    39 |     7 ||    46
 Invoke: Grand Finale      |       |       |       |     1 |       |     1 |       ||     2
         Line Pass         |       |       |       |       |     1 |       |       ||     1
    Use: Scroll            |       |       |    13 |     7 |     8 |    11 |       ||    39
         Potion            |       |       |       |       |       |     2 |     1 ||     3
   Stab: Sleeping          |    19 |    25 |    42 |    83 |   214 |   147 |     6 ||   536
         Confused          |       |     2 |     4 |    18 |    29 |     7 |       ||    60
         Petrifying        |       |       |     1 |       |       |       |       ||     1
         Paralysed         |       |       |     2 |    17 |    43 |    79 |     2 ||   143
         Distracted        |       |       |       |     3 |     9 |    10 |       ||    22
         Invisible         |       |       |       |       |       |    44 |     1 ||    45
 Armour: Robe              |    24 |    33 |    23 |       |       |       |       ||    80
         Steam dragon scal |       |       |    12 |    96 |   144 |       |       ||   252
         Skin              |       |       |       |       |    12 |   703 |    62 ||   777
  Dodge: Dodged            |    66 |    93 |    95 |   239 |   488 |  1754 |    81 ||  2816
  Block: Buckler           |       |       |       |   157 |   207 |  1104 |    66 ||  1534
         Reflection        |       |       |       |    13 |    20 |   135 |     4 ||   172
   Form: Statue            |       |       |       |       |     1 |       |       ||     1

Table legend: (Time is in decaauts)
 A = Elapsed time spent in this place.
 B = Non-inter-level travel time spent in this place.
 C = Inter-level travel time spent in this place.
 D = Time resting spent in this place.
 E = Time spent auto-exploring this place.
 F = Levels seen in this place.
 G = Mean time per level.
                   A        B        C        D        E       F      G
               +--------+--------+--------+--------+--------+-----+--------+
         Total |  46435 |  42135 |   4300 |   8012 |  18197 |  36 | 1289.9 |
       Dungeon |  16566 |  14619 |   1947 |   1616 |   9196 |  15 | 1104.4 |
        Temple |     11 |      7 |      4 |      0 |      0 |   1 |   11.0 |
          Lair |   6273 |   5309 |    964 |   1318 |   2246 |   5 | 1254.6 |
        Shoals |   7836 |   7217 |    619 |   1042 |   2605 |   4 | 1959.0 |
     Snake Pit |   7991 |   7360 |    631 |   2169 |   1813 |   4 | 1997.8 |
  Orcish Mines |   1835 |   1743 |     92 |    668 |    386 |   2 |  917.5 |
   Elven Halls |   3167 |   3127 |     40 |    156 |   1576 |   2 | 1583.5 |
      Ice Cave |   2283 |   2283 |      0 |   1008 |    184 |   1 | 2283.0 |
       Volcano |    112 |    112 |      0 |      0 |      0 |   1 |  112.0 |
      Gauntlet |    357 |    357 |      0 |     33 |    189 |   1 |  357.0 |
               +--------+--------+--------+--------+--------+-----+--------+

Top non-repeatable levels by time:
 Snake:3: 4383 daAuts
Shoals:3: 2371 daAuts
     D:9: 2361 daAuts
   IceCv: 2283 daAuts
    D:15: 1981 daAuts
Shoals:2: 1973 daAuts
Shoals:4: 1968 daAuts
 Snake:1: 1943 daAuts
    D:14: 1743 daAuts
   Elf:1: 1740 daAuts
  Lair:3: 1681 daAuts
  Lair:4: 1562 daAuts
Shoals:1: 1523 daAuts
   Elf:2: 1426 daAuts
    D:13: 1401 daAuts
